 Dungeon Crawl Stone Soup version 0.21.1-1-g345015f (webtiles) character file.

234 thiefofnight the Slasher (level 5, 0/47 HPs)
             Began as a Minotaur Fighter on May 2, 2018.
             Killed by divine providence
             ... invoked by an orc priest
              (10 damage)
             ... on level 5 of the Dungeon.
             The game lasted 00:06:29 (2151 turns).

thiefofnight the Slasher (Minotaur Fighter)         Turns: 2151, Time: 00:06:30

Health: 0/47       AC:  7    Str: 21    XL:     5   Next: 75%
Magic:  4/4        EV:  8    Int:  5    God:
Gold:   176        SH:  9    Dex: 10    Spells: 4/4 levels left

rFire    . . .     SeeInvis .   a - +1 long sword
rCold    . . .     Gourm    .   c - +0 shield
rNeg     . . .     Faith    .   b - +0 scale mail
rPois    .         Spirit   .   (helmet restricted)
rElec    .         Reflect  .   (no cloak)
rCorr    .         Harm     .   (no gloves)
MR       .....                  (no boots)
Stlth    ..........             (no amulet)
HPRegen  0.15/turn              (no ring)
MPRegen  0.09/turn              (no ring)

@: no status effects
A: retaliatory headbutt, horns 2
a: no special abilities


You were on level 5 of the Dungeon.
You were not hungry.

You visited 1 branch of the dungeon, and saw 4 of its levels.

You collected 176 gold pieces.

Inventory:

Hand Weapons
 a - a +1 long sword (weapon)
Armour
 b - a +0 scale mail (worn)
 c - a +0 shield (worn)
 m - a +0 helmet
 s - a cursed +0 helmet
Jewellery
 h - an uncursed ring of magical power
 u - a cursed ring of wizardry {unknown}
Scrolls
 j - 2 scrolls of teleportation
 o - 2 scrolls of immolation {unknown}
 p - a scroll of amnesia
 q - 2 scrolls of remove curse
Potions
 d - 2 potions of might
 e - a potion of brilliance {unknown}
 g - a potion of haste
 i - a potion of ambrosia {unknown}
 k - 2 potions of lignification {unknown}
 l - a potion of curing {unknown}
 n - a potion of flight {unknown}
 t - a potion of degeneration {unknown}
Books
 v - a book of Callings

   Spells                             Type                      Level
   a - Summon Small Mammal            Summoning                    1
   b - Call Imp                       Summoning                    2
   c - Call Canine Familiar           Summoning                    3
   d - Summon Guardian Golem          Hexes/Summoning              3
   e - Summon Lightning Spire         Summoning/Air                4
   f - Summon Ice Beast               Ice/Summoning                4
Comestibles
 f - 11 rations
 r - 8 chunks of flesh


   Skills:
 + Level 4.5 Fighting
 + Level 4.8 Long Blades
 + Level 4.8 Armour
 + Level 1.2 Dodging
 + Level 4.6 Shields


You had 4 spell levels left.
You didn't know any spells.

Dungeon Overview and Level Annotations

Branches:
Dungeon (3/15)

Altars:
Wu Jian


Innate Abilities, Weirdness & Mutations

You reflexively headbutt those who attack you in melee.
You have a pair of horns on your head.


Message History

You are too injured to fight recklessly!
You are too injured to fight recklessly!
You are too injured to fight recklessly!
You are too injured to fight recklessly!
You completely miss the orc priest.
The orc priest is heavily wounded.
The orc priest calls down the wrath of Beogh upon you.
Beogh smites you!
* * * LOW HITPOINT WARNING * * *
You block the orc priest's attack.
The orc priest calls upon Beogh to heal the orc priest.
The orc priest is healed somewhat.
You barely miss the orc priest.
The orc priest is lightly wounded.
The orc priest hits you but does no damage.
You hit the orc priest. You headbutt the orc priest.
The orc priest is severely wounded.
The orc priest mumbles some strange prayers to Beogh against you.
Beogh smites you!
You die...

## .# .## .# ...##
####.#### ..<..
######.......#
.....#...)).##.##.###
...#..#)@....# ......#
#...o..o.....# ###.#.###
#..#..#......####.......
.>...#............#.#
...## ###########.##.#
.. ### #....# # ..
#..### #. #..####.#
#.##.##.......#


You could see 2 orc priests.

Vanquished Creatures
  The ghost of Verendum the Tormented, an amateur DsNe of Kikubaaqudgha (D:3)
  5 adders (D:2)
  An ooze (D:3)
  A worm (D:2)
  2 dart slugs
  2 leopard geckos
  3 orcs (D:5)
  4 giant cockroaches
  3 goblins
  3 hobgoblins (D:1)
  6 jackals
  7 kobolds
  2 quokkas (D:2)
  2 ball pythons
  5 bats
  2 frilled lizards
  7 rats
56 creatures vanquished.

Notes
Turn   | Place    | Note
-------+----------+-------------------------------------------
     0 | D:1      | thiefofnight the Minotaur Fighter began the quest for the Orb.
     0 | D:1      | Reached XP level 1. HP: 19/19 MP: 0/0
   271 | D:1      | Reached XP level 2. HP: 27/27 MP: 1/1
   863 | D:2      | Reached XP level 3. HP: 33/33 MP: 2/2
  1396 | D:2      | Reached XP level 4. HP: 29/40 MP: 3/3
  1843 | D:3      | Found an ornate altar of the Wu Jian Council.
  1927 | D:3      | Noticed Verendum's ghost (amateur DsNe)
  1951 | D:3      | Killed Verendum's ghost
  1951 | D:3      | Reached skill level 1 in Dodging
  1951 | D:3      | Reached XP level 5. HP: 34/47 MP: 4/4
  2083 | D:3      | You fall through a shaft for 2 floors!
  2083 | D:5      | Entered Level 5 of the Dungeon
  2151 | D:5      | Killed from afar by an orc priest

Skill      XL: |  1  2  3  4 |
---------------+-------------+-----
Shields        | 4 |  4.6
Armour         | 4 |  4.8
Fighting       | 4 |  4.5
Long Blades    | 3 4 |  4.8
Dodging        | 1 |  1.2

Action                   |  1- 3 |  4- 6 || total
-------------------------+-------+-------++-------
Melee: Long sword        |    76 |    43 ||   119
       Headbutt          |    11 |    10 ||    21
  Use: Scroll            |     7 |       ||     7
       Potion            |       |     1 ||     1
  Eat: Chunk             |     1 |     3 ||     4
Armor: Scale mail        |    33 |    13 ||    46
Dodge: Dodged            |    27 |    17 ||    44
Block: Shield            |    31 |    19 ||    50
       Rpst.: Long sword |     4 |     4 ||     8
